 Dungeon Crawl Stone Soup version 0.26.0-10-g1f06aea511 (webtiles) character file.

Game seed: 5308241208119747229

44 Borgoz the Slasher (level 3, -1/30 HPs)
             Began as a Ghoul Gladiator on Jan 14, 2021.
             Slain by an adder (2 damage)
             ... on level 2 of the Dungeon.
             The game lasted 00:01:15 (1495 turns).

Borgoz the Slasher (Ghoul Gladiator)                Turns: 1495, Time: 00:01:16

Health: -1/30      AC:  4    Str: 17    XL:     3   Next: 62%
Magic:  2/2        EV: 12    Int:  3    God:
Gold:   111        SH:  0    Dex: 11    Spells: 2/2 levels left

rFire    . . .     SeeInvis .   a - +0 long sword
rCold    + . .     Faith    .   (no shield)
rNeg     + + +     Spirit   .   b - +0 leather armour
rPois    ∞         Reflect  .   c - +0 helmet
rElec    .         Harm     .   (no cloak)
rCorr    .         Rampage  .   (no gloves)
Will     .....                  (no boots)
Stlth    +.........             (no amulet)
HPRegen  0.00/turn              (no ring)
MPRegen  0.08/turn              (no ring)

@: brilliant
A: claws 1, cold resistance 1, negative energy resistance 3, inhibited
regeneration, torment resistance, unbreathing
a: no special abilities


You were on level 2 of the Dungeon.
You visited 1 branch of the dungeon, and saw 2 of its levels.

You collected 111 gold pieces.

Inventory:

Hand Weapons
 a - a +0 long sword (weapon)
Missiles
 d - a throwing net (quivered)
Armour
 b - a +0 leather armour (worn)
 c - a +0 helmet (worn)
Scrolls
 e - 2 scrolls of remove curse {unknown}
 g - a scroll of identify {unknown}
 h - a scroll of magic mapping {unknown}
 i - a scroll of amnesia {unknown}
Potions
 f - a potion of brilliance
 j - a potion of haste {unknown}


   Skills:
 + Level 2.6 Fighting
 * Level 3.2 Long Blades
 - Level 1.8 Throwing
 * Level 1.4 Armour
 + Level 3.0 Dodging


You had 2 spell levels left.
You didn't know any spells.
Your spell library was empty.

Dungeon Overview and Level Annotations

Branches:
Dungeon (2/15)

Altars:


Innate Abilities, Weirdness & Mutations

You thrive by killing the living.
You are immune to poison.
You have sharp fingernails.
Your flesh is cold resistant. (rC+)
You are immune to negative energy. (rN+++)
You do not regenerate when monsters are visible.
You are immune to unholy pain and torment.
You can survive without breathing.


Message History

You hit the worker ant zombie.
The worker ant zombie is almost destroyed.
The adder barely misses you. The adder completely misses you.
You riposte.
You barely miss the adder.
The adder is moderately wounded.
The worker ant zombie bites you but does no damage.
You hit the worker ant zombie but do no damage.
The worker ant zombie is almost destroyed.
The adder barely misses you.
The worker ant zombie barely misses you.
You hit the worker ant zombie.
You destroy the worker ant zombie!
The adder bites you but does no damage. The adder closely misses you.
You riposte.
You hit the adder.
The adder is heavily wounded.
Your Dodging skill increases to level 3!
You closely miss the adder.
The adder is heavily wounded.
The adder bites you.
You die...

### #.. #.#
########.#
####.....##.#####.#.#
........(....@S.....(
.
###.....#......#.#.#
..#####.....#.####.#
......(.....#.. .#
..##..##)...#.#. #
##.#####.#.### #..#
#.#.. ##.# #.#.# #.##
#....


You could see an adder.

Vanquished Creatures
  A worker ant zombie (D:2)
  An ooze (D:2)
  2 dart slugs
  5 bats
  A giant cockroach (D:1)
  4 goblins
  A hobgoblin (D:1)
  4 jackals
  A ball python (D:1)
  4 kobolds
  2 rats (D:1)
26 creatures vanquished.

Notes
Turn   | Place    | Note
-------+----------+-------------------------------------------
     0 | D:1      | Borgoz the Ghoul Gladiator began the quest for the Orb.
     0 | D:1      | Reached XP level 1. HP: 17/17 MP: 0/0
   359 | D:1      | Reached XP level 2. HP: 24/24 MP: 1/1
  1231 | D:2      | Reached skill level 1 in Armour
  1287 | D:2      | Reached XP level 3. HP: 30/30 MP: 2/2
  1486 | D:2      | HP: 1/30 [worker ant zombie (3)]
  1495 | D:2      | Slain by an adder

Illustrated notes

Levels and vault maps discovered:
D:1:      ebering_hopf_link, layout_loops_corners, roderic_serpentine_path
D:2:      layout_basic

Skill      XL: |  1  2  3 |
---------------+----------+-----
Long Blades    | 3 |  3.2
Armour         | 1 |  1.4
Dodging        | 3 |  3.0
Fighting       | |  2.6
Throwing       | |  1.8

Action                   || total
-------------------------++-------
Melee: Long sword        ||    95
Throw: Throwing net      ||     2
  Use: Potion            ||     1
Armor: Leather armour    ||    37
Dodge: Dodged            ||    82
       Rpst.: Long sword ||    23
